 Dungeon Crawl Stone Soup version 0.28.0-45-g0d030f2227 (webtiles) character file.

Game seed: 16014410424002693661

2 Cykl0x the Digger (level 1, 0/10 HPs)
             Began as a Gargoyle Earth Elementalist on Mar 31, 2022.
             Slain by a kobold
             ... wielding a +0 whip
              (2 damage)
             ... on level 1 of the Dungeon.
             The game lasted 00:00:28 (31 turns).

Cykl0x the Digger (Gargoyle Earth Elementalist)       Turns: 31, Time: 00:00:28

Health: 0/10       AC:  4    Str: 11    XL:     1   Next: 40%
Magic:  0/3        EV: 11    Int: 15    God:
Gold:   0          SH:  0    Dex: 10    Spells: 3/4 levels left

rFire   . . .      SeeInvis .   a - +0 mace
rCold   . . .      Faith    .   (no shield)
rNeg    + . .      Spirit   .   b - +0 robe
rPois   ∞          Reflect  .   (no helmet)
rElec   +          Harm     .   (no cloak)
rCorr   .          Rampage  .   (no gloves)
Will    .....                   (no boots)
Stlth   ++........              (no amulet)
HPRegen 0.03/turn               (no ring)
MPRegen 0.08/turn               (no ring)

@: no status effects
A: sickness immunity, AC +2, negative energy resistance 1, electricity
resistance, torment resistance 1, petrification resistance
a: no special abilities


You were on level 1 of the Dungeon.
You visited 1 branch of the dungeon, and saw 1 of its levels.

Inventory:

Hand Weapons
 a - a +0 mace (weapon)
Missiles
 c - 26 stones
Armour
 b - a +0 robe (worn)


   Skills:
 + Level 1.5 Dodging
 - Level 2.1 Stealth
 + Level 2.0 Spellcasting
 * Level 0.2 Conjurations
 - Level 0.7 Transmutations
 + Level 3.7 Earth Magic


You had 3 spell levels left.
You knew the following spells:

 Your Spells              Type           Power      Damage    Failure   Level
a - Sandblast             Erth           24%        2d8       4%          1

Your spell library contained the following spells:

 Spells                   Type           Power      Damage    Failure   Level
 Passwall                 Tmut/Erth      6%         N/A       13%         2
 Stone Arrow              Conj/Erth      14%        3d7       28%         3
 Petrify                  Tmut/Erth      8%         N/A       65%         4


Dungeon Overview and Level Annotations

Branches:
Dungeon (1/15)

Altars:


Innate Abilities, Weirdness & Mutations

You are immune to sickness and miasma.
Your stone body is resilient. (AC +2)
You are immune to poison.
You resist negative energy. (rN+)
You are resistant to electric shocks. (rElec)
You are resistant to unholy torment.
You are immune to petrification.


Message History

The endoplasm quivers.
The kobold shouts!
A goblin comes into view. It is wielding a +0 dagger.
Found a short sword.
The endoplasm jiggles.
You see here a +0 mace.
a - a +0 mace (weapon)
The endoplasm hits you.
The blast of sand hits the endoplasm.
The endoplasm is moderately wounded.
The endoplasm closely misses you.
The blast of sand hits the endoplasm!
You kill the endoplasm!
The giant cockroach bites you but does no damage.
The giant cockroach closely misses you.
The blast of sand hits the giant cockroach.
The giant cockroach is severely wounded.
The kobold hits you with a +0 whip.
The giant cockroach bites you but does no damage.
The kobold throws a stone.
The stone closely misses you.
The kobold throws a stone.
The stone misses you.
You are too injured to fight recklessly!
Casting: Sandblast (safe; 4% risk of failure)
Confirm with . or Enter, or press ? or * to list all spells.
Aiming: Sandblast (safe; 4% risk of failure)
Press: ? - help, Shift-Dir - straight line, f/p - giant cockroach
Aim: a giant cockroach (severely wounded, 79% to hit)
The blast of sand hits the giant cockroach!
You kill the giant cockroach!
The kobold barely misses you.
You see here a giant cockroach corpse.
You completely miss the kobold. The kobold hits you but does no damage.
You hit the kobold.
The kobold is heavily wounded.
The kobold barely misses you. The kobold hits you with a +0 whip.
* * * LOW HITPOINT WARNING * * *
You barely miss the kobold.
The kobold is heavily wounded.
The kobold hits you with a +0 whip.
You die...

#... ( #..#[# #..#)##.
##### #...#.$ #...#
#..#.##)
######...###.......
##.##.......#..#..#
#.#@K.............#
###>#.......$#....##
..................:.#
≈≈≈≈≈≈P...P≈≈≈≈≈≈≈≈P..
≈≈≈≈≈≈≈≈≈...≈≈≈≈≈≈≈≈≈≈..
≈≈≈≈≈≈≈≈≈...≈≈≈≈≈≈≈≈≈≈..
≈≈≈≈≈≈≈≈.....≈≈≈≈≈≈≈≈P..
..........<............$
≈≈≈≈≈.....≈≈≈≈≈≈≈≈P


You could see a kobold.

Vanquished Creatures
  An endoplasm (D:1)
  A giant cockroach (D:1)
2 creatures vanquished.

Notes
Turn   | Place    | Note
-------+----------+-------------------------------------------
     0 | D:1      | Cykl0x the Gargoyle Earth Elementalist began the quest for
                  | the Orb.
     0 | D:1      | Reached XP level 1. HP: 10/10 MP: 3/3
    31 | D:1      | Slain by a kobold

Illustrated notes

Levels and vault maps discovered:
D:1:      giann_bridges, layout_loops_ring,
          shapermc_ecumenical_altar_starsandcircs, minmay_small_reverse_x

Action                   || total
-------------------------++-------
Melee: Mace              ||     3
 Cast: Sandblast         ||     4
Armor: Robe              ||     3
Dodge: Dodged            ||     6
